 Dungeon Crawl Stone Soup version 0.20.0-4-g10b340a (webtiles) character file.

392 mopl the Chopper (level 6, -3/56 HPs)
             Began as a Deep Dwarf Gladiator on May 27, 2017.
             Slain by an iguana (10 damage)
             ... on level 4 of the Dungeon.
             The game lasted 00:04:19 (2320 turns).

mopl the Chopper (Deep Dwarf Gladiator)             Turns: 2320, Time: 00:04:19

Health: -3/56      AC:  7    Str: 17    XL:     6   Next: 50%
Magic:  6/6        EV: 11    Int:  9    God:
Gold:   175        SH:  3    Dex: 16    Spells: 5/5 levels left

rFire    . . .     SeeInvis .   a - +0 war axe
rCold    . . .     Gourm    .   (no shield)
rNeg     . . .     Faith    .   p - +0 scale mail
rPois    .         Spirit   .   c - +0 helmet
rElec    .         Reflect  +   (no cloak)
rCorr    .         Harm     .   (no gloves)
MR       .....                  (no boots)
Stlth    ..........             w - +3 amulet of reflection
Regen    0.0/turn               (no ring)
MPRegen  0.1/turn               (no ring)

@: non-regenerating
A: damage resistance, heal wounds, sense surroundings 1, no regeneration
a: Heal Wounds


You were on level 4 of the Dungeon.
You were not hungry.

You visited 1 branch of the dungeon, and saw 4 of its levels.

You collected 175 gold pieces.

Inventory:

Hand Weapons
 a - a +0 war axe (weapon)
 x - a +0 lajatang
Missiles
 d - 3 throwing nets (quivered)
 u - 8 tomahawks
Armour
 c - a +0 helmet (worn)
 p - a +0 scale mail (worn)
Jewellery
 w - a +3 amulet of reflection (around neck)
Wands
 b - a wand of paralysis (0/24)
Scrolls
 e - a scroll of enchant weapon {unknown}
 g - a scroll of remove curse
 i - a scroll of enchant armour {unknown}
 l - a scroll of fog {unknown}
 m - a scroll of teleportation {unknown}
 o - a scroll of blinking {unknown}
 s - a scroll of immolation {unknown}
 y - a scroll of fear {unknown}
Potions
 n - 2 potions of resistance
 q - a potion of ambrosia {unknown}
 t - a potion of lignification {unknown}
 v - a potion of brilliance {unknown}
Comestibles
 f - 2 bread rations
 h - 2 chunks of flesh
 j - 3 meat rations
 k - a fruit
 r - 2 royal jellies


   Skills:
 + Level 3.5 Fighting
 * Level 6.3 Axes
 - Level 1.7 Throwing
 + Level 3.1 Armour
 - Level 3.2 Dodging


You had 5 spell levels left.
You didn't know any spells.

Dungeon Overview and Level Annotations

Branches:
Dungeon (4/15)
 Temple: D:4-7

Altars:
Yredelemnul


Innate Abilities, Weirdness & Mutations

You are resistant to damage.
You can heal yourself by infusing magical energy.
You passively map a small area around you.
You do not regenerate.


Message History

You hit the iguana but do no damage.
The iguana is severely wounded.
You block the iguana's attack.
You barely miss the iguana.
The iguana is severely wounded.
The iguana closely misses you.
You barely miss the iguana.
The iguana is severely wounded.
The iguana barely misses you.
You closely miss the iguana.
The iguana is severely wounded.
You block the iguana's attack.
The iguana bites you but does no damage.
You completely miss the iguana.
The iguana is severely wounded.
You block the iguana's attack.
You closely miss the iguana.
The iguana is severely wounded.
The iguana bites you!
You die...

#.#.........#
#####.#.P.P.###.# ,
,.....#.._....#.# *
#####..#.P.P.#.#.# * ,
###..............#.#
,....)....#...#...#.###
*
**##.##...#.#.#........
#....#.#.#.....#..
,#@...#.#.#...###<# ,
#....l.##.#...... #.#
#............####.#.#
#...).#.#.#.. .#.# *
#...#.#...... * #.#
#.#......... #.. *
#.....#.##.# *,### *
##.#,.. .., , ,


You could see an iguana.

Vanquished Creatures
  A scorpion (D:3)
  A hound (D:4)
  3 worker ants (D:4)
  2 iguanas (D:4)
  An orc wizard (D:3)
  4 gnolls (D:3)
  5 adders
  A howler monkey skeleton (D:4)
  An ooze (D:2)
  A worm (D:1)
  2 leopard geckos
  4 orcs (D:3)
  A ball python (D:4)
  A giant cockroach (D:1)
  6 goblins
  8 hobgoblins
  6 jackals
  7 bats
  3 frilled lizards
  2 kobolds
  4 rats
64 creatures vanquished.

Notes
Turn   | Place    | Note
-------+----------+-------------------------------------------
     0 | D:1      | mopl the Deep Dwarf Gladiator began the quest for the Orb.
     0 | D:1      | Reached XP level 1. HP: 19/19 MP: 1/1
   290 | D:1      | Reached skill level 2 in Fighting
   312 | D:1      | Reached XP level 2. HP: 19/26 MP: 2/2
   863 | D:2      | Reached skill level 4 in Axes
   986 | D:2      | Reached XP level 3. HP: 16/32 MP: 3/3
  1039 | D:2      | Reached skill level 1 in Armour
  1369 | D:3      | Reached XP level 4. HP: 29/40 MP: 4/4
  1530 | D:3      | Reached skill level 5 in Axes
  1783 | D:3      | Reached skill level 3 in Fighting
  1783 | D:3      | Reached skill level 2 in Armour
  1783 | D:3      | Reached XP level 5. HP: 31/49 MP: 5/5
  2053 | D:4      | Reached XP level 6. HP: 8/56 MP: 6/6
  2219 | D:4      | Reached skill level 6 in Axes
  2276 | D:4      | Reached skill level 3 in Armour
  2283 | D:4      | Found a basalt altar of Yredelemnul.
  2320 | D:4      | Slain by an iguana

Skill      XL: |  1  2  3  4  5  6 |
---------------+-------------------+-----
Fighting       | 2 3 |  3.5
Axes           | 4 5 6 |  6.3
Armour         | 1 2 3 |  3.1
Throwing       | |  1.7
Dodging        | |  3.2

Action                   |  1- 3 |  4- 6 || total
-------------------------+-------+-------++-------
Melee: War axe           |    97 |   111 ||   208
 Abil: Heal Wounds       |       |     1 ||     1
Evoke: Wand              |       |     3 ||     3
  Use: Scroll            |     3 |       ||     3
       Potion            |     1 |       ||     1
 Stab: Sleeping          |     2 |       ||     2
       Paralysed         |       |     6 ||     6
  Eat: Chunk             |     1 |     4 ||     5
Armor: Leather armour    |    38 |     7 ||    45
       Scale mail        |       |    37 ||    37
Dodge: Dodged            |    71 |    68 ||   139
Block: Other             |       |     8 ||     8
